 Dungeon Crawl Stone Soup version 0.17-a0-1753-g75d4604 (webtiles) character file.

352 matakusis the Ducker (level 6, 0/44 HPs)
             Began as a Demonspawn Skald on Sept 2, 2015.
             Slain by an orc wizard
             ... wielding a +0 dagger
              (4 damage)
             ... on level 4 of the Dungeon.
             The game lasted 00:26:05 (5528 turns).

matakusis the Ducker (Demonspawn Skald)             Turns: 5528, Time: 00:26:06

Health: 0/44       AC:  6    Str: 11    XL:     6   Next: 35%
Magic:  5/9        EV: 13    Int:  9    God:
Gold:   185        SH:  0    Dex: 12    Spells: 2 memorised, 5 levels left

rFire  . . .     SeeInvis .     o - -3 dagger (curse)
rCold  + . .     Clarity  .     b - +0 leather armour
rNeg   + . .     SustAt   .     (no shield)
rPois  .         Gourm    .     e - +2 helmet
rElec  .         Spirit   .     (no cloak)
rCorr  .         Warding  .     (no gloves)
rMut   .         Stasis   +     (no boots)
MR     .....                    q - amulet of stasis
Stlth  +++.......               p - ring of positive energy
                                l - ring of protection from cold

@: infused, not resistant to hostile enchantments, fairly stealthy
A: talons 1, berserk 1, clumsy 1, demonic guardian 1, dopey 2, nightstalker 1,
weak 1
a: no special abilities


You were on level 4 of the Dungeon.
You were hungry.

You visited 2 branches of the dungeon, and saw 5 of its levels.

You collected 185 gold pieces.

Inventory:

Hand weapons
 a - a +0 hand axe
 i - a +0 dagger
 k - a +2 dagger of venom
 o - a cursed -3 dagger (weapon)
Armour
 b - a +0 leather armour (worn)
 e - a +2 helmet (worn)
Jewellery
 l - a ring of protection from cold (left hand)
 p - a ring of positive energy (right hand)
 q - an amulet of stasis (around neck)
Magical devices
 m - a wand of magic darts (33)
Scrolls
 f - a scroll of recharging
 g - a scroll of teleportation
 r - a scroll of remove curse
 u - a scroll of identify
Potions
 n - a potion of flight
Books
 c - a book of Battle

   Spells                             Type                      Level
   a - Infusion                       Charms                       1
   b - Shroud of Golubria             Charms/Translocation         2
   c - Song of Slaying                Charms                       2
   d - Spectral Weapon                Hexes/Charms                 3
   e - Regeneration                   Charms/Necromancy            3
Comestibles
 d - 3 bread rations
 h - 5 fruits
 j - 3 chunks of flesh
 s - 2 beef jerkies


   Skills:
 - Level 2.2 Fighting
 + Level 1.1 Short Blades
 - Level 1.7 Axes
 - Level 1.0 Armour
 + Level 3.7 Dodging
 * Level 3.7 Stealth
 - Level 2.0 Spellcasting
 + Level 0.2 Hexes
 + Level 3.2 Charms


You had 5 spell levels left.
You knew the following spells:

 Your Spells              Type           Power        Failure   Level  Hunger
a - Infusion              Chrm           #.....       14%         1    ##.....
b - Spectral Weapon       Hex/Chrm       #.......     73%         3    ####...


Dungeon Overview and Level Annotations

Branches:
Dungeon (4/15)             Temple (1/1) D:4

Altars:
Ashenzari
Cheibriados
Fedhas
Kikubaaqudgha
Makhleb
Nemelex Xobeh
Okawaru
Qazlal
Sif Muna
Vehumet
Xom
Yredelemnul


Innate Abilities, Weirdness & Mutations

A weak demonic guardian rushes to your aid.
You are slightly more attuned to the shadows.
You have sharp toenails.
You tend to lose your temper in combat.
You are clumsy. (Dex -2)
You are very dopey. (Int -4)
You are weak. (Str -2)


Message History

* * * LOW HITPOINT WARNING * * *
You see here a hound corpse.
Casting: Infusion
Confirm with . or Enter, or press ? or * to list all spells.
You begin infusing your attacks with magical energy.
The orc wizard barely misses you.
You hit the orc wizard.
The orc wizard is heavily wounded.
Your quasit disappears in a puff of smoke!
The orc wizard hits you with a dagger.
* * * LOW HITPOINT WARNING * * *
Drink which item? (? for menu, Esc to quit)
You feel extremely strange.
Your toenails lengthen and sharpen.
You feel weaker.
You feel stupid. The orc wizard completely misses you.
The orc wizard hits you but does no damage.
You hit the orc wizard.
The orc wizard is severely wounded.
The orc wizard hits you with a dagger.
You die...

# ######. #...##.### ###
#...# ...# #..
#...####.#####.#
#.>............รท
###########...##.......#.#
#(..)....@o...##.#.#.#.#.#
#.##########.###...#.#...#
#.# #.# ###.#.#####
#.##########'### #.#.#
#.#.#.#.#.#.#5.##.....
#..........)....'.....
#.#.#.#.#.#.#...#...##
#...............# .
#.#.#.#.#.#.#...#


You could see an orc wizard.

Vanquished Creatures
  A hound (D:4)
  2 orc wizards (D:4)
  Robin (D:3)
  A gnoll (D:2)
  6 adders
  2 oozes
  2 worms (D:2)
  A giant gecko (D:2)
  4 orcs (D:4)
  A ball python (D:4)
  3 giant cockroaches
  15 goblins
  16 hobgoblins
  6 jackals
  9 bats
  4 giant newts
  10 kobolds
  12 rats
96 creatures vanquished.

Vanquished Creatures (collateral kills)
  2 scorpions (D:4)
  A hound (D:4)
  2 gnolls (D:2)
  An adder skeleton (D:4)
  3 orcs (D:4)
  A quokka (D:4)
  2 jackals (D:4)
12 creatures vanquished.

Grand Total: 108 creatures vanquished

Notes
Turn   | Place    | Note
--------------------------------------------------------------
     0 | D:1      | matakusis the Demonspawn Skald began the quest for the Orb.
     0 | D:1      | Reached XP level 1. HP: 16/16 MP: 3/3
   441 | D:1      | Reached skill level 1 in Armour
   478 | D:1      | Gained mutation: You are slightly more attuned to the shadows. [demonic ancestry]
   478 | D:1      | Reached XP level 2. HP: 16/22 MP: 5/5
  1144 | D:1      | Reached skill level 3 in Charms
  1222 | D:1      | Reached skill level 1 in Dodging
  1478 | D:2      | Reached skill level 1 in Stealth
  1478 | D:2      | Gained mutation: A weak demonic guardian rushes to your aid. [demonic ancestry]
  1478 | D:2      | Reached XP level 3. HP: 14/27 MP: 4/6
  1875 | D:2      | Learned a level 3 spell: Spectral Weapon
  2649 | D:2      | Reached XP level 4. HP: 22/33 MP: 3/7
  3757 | D:3      | Found a radiant altar of Vehumet.
  3781 | D:3      | Reached XP level 5. HP: 17/38 MP: 8/8
  4023 | D:3      | Noticed Robin
  4030 | D:3      | Killed Robin
  4030 | D:3      | Reached skill level 1 in Short Blades
  4662 | D:4      | Found a staircase to the Ecumenical Temple.
  4697 | D:4      | HP: 2/57 [orc wizard/puff of flame (3)]
  4743 | Temple   | Entered the Ecumenical Temple
  5019 | D:4      | Reached XP level 6. HP: 5/44 MP: 6/9
  5498 | D:4      | Gained mutation: You are clumsy. (Dex -2) [potion of mutation]
  5498 | D:4      | Gained mutation: You tend to lose your temper in combat. [potion of mutation]
  5498 | D:4      | Gained mutation: You are dopey. (Int -2) [potion of mutation]
  5527 | D:4      | Gained mutation: You have sharp toenails. [potion of mutation]
  5527 | D:4      | Gained mutation: You are weak. (Str -2) [potion of mutation]
  5527 | D:4      | Gained mutation: You are very dopey. (Int -4) [potion of mutation]
  5528 | D:4      | Slain by an orc wizard

Vault maps used:
D:1:      eino_arrival_tree_alley, serial_forest,
          infiniplex_forest_lined_room_2, infiniplex_forest_straight_5,
          infiniplex_forest_clump_small, infiniplex_forest_clump_curved,
          infiniplex_forest_lined_4_way, infiniplex_forest_clump_double,
          infiniplex_forest_lined_4_way, infiniplex_forest_end_1,
          minmay_misc_feat_more_columns
D:2:      first_bread, grunt_ministairs_1
D:3:      vehumet_altar_wand_db, uniq_robin
D:4:      grunt_dithmenos_shadows, minmay_temple_entry_junction2, st_stairs_10
Temple:   triangle_lava_temple_11

Action                   |  1- 3 |  4- 6 || total
-------------------------+-------+-------++-------
Melee: Hand axe          |    23 |       ||    23
       Dagger            |   210 |   401 ||   611
 Cast: Infusion          |    10 |    10 ||    20
       Spectral Weapon   |     1 |       ||     1
  Use: Scroll            |       |     7 ||     7
       Potion            |       |     7 ||     7
 Stab: Sleeping          |     4 |    11 ||    15
       Distracted        |       |     2 ||     2
       Invisible         |       |     2 ||     2
  Eat: Chunk             |     5 |    10 ||    15
       Fruit             |       |     1 ||     1
